 Dungeon Crawl Stone Soup version 0.18.1-48-g4cf74bf (webtiles) character file.

33922 Krovax5 the Bludgeoner (level 13, 0/150 HPs)
             Began as an Ogre Berserker on Aug 2, 2016.
             Was the Champion of Trog.
             Slain by a water moccasin (4 damage)
             ... on level 5 of the Lair of Beasts on Aug 3, 2016.
             The game lasted 02:26:11 (20679 turns).

Krovax5 the Bludgeoner (Ogre Berserker)            Turns: 20679, Time: 02:26:12

Health: 0/150      AC: 13    Str: 34    XL:     13   Next: 74%
Magic:  17/17      EV: 13    Int:  8    God:    Trog [******]
Gold:   946        SH:  4    Dex: 11    Spells: 0 memorised, 12 levels left

rFire  . . .     SeeInvis .     Q - +1 giant spiked club (freeze)
rCold  + . .     Gourm    .     p - +0 steam dragon armour
rNeg   . . .     Faith    .     (shield currently unavailable)
rPois  .         Spirit   .     V - +2 hat of the Skies Above {Int+4}
rElec  .         Dismiss  .     L - +2 cloak
rCorr  .         Reflect  +     (gloves unavailable)
SustAt .         Harm     .     (boots unavailable)
MR     ++...                    x - +4 amulet of reflection
Stlth  +.........               i - ring of protection from cold
                                P - +5 ring of strength

@: lethally poisoned (0 -> -7), exhausted, very slightly contaminated, slowed,
very slow, very resistant to hostile enchantments, very unstealthy
A: unfitting armour, thin metallic scales 1, agile 1, dopey 1, magic resistance
1, sense surroundings 1, tough skin 1
a: Berserk, Trog's Hand, Brothers in Arms, Burn Spellbooks, Renounce Religion


You were on level 5 of the Lair of Beasts.
You worshipped Trog.
Trog was exalted by your worship.
You were hungry.

You visited 2 branches of the dungeon, and saw 16 of its levels.
You also visited: Bailey.

You collected 1354 gold pieces.
You spent 408 gold pieces at shops.

Inventory:

Hand Weapons
 B - a +3 antimagic great mace
 F - the +11 scythe of the Many Suns {freeze, +Inv MR+}
   (You took it off a gnoll in a bailey)

   It has been specially enchanted to freeze those struck by it, causing extra
   injury to most foes and up to half again as much damage against particularly
   susceptible opponents.
   It can also slow down cold-blooded creatures.
   It affects your resistance to hostile enchantments.
   It lets you turn invisible.
 K - a +1 flail of protection
 Q - a +1 giant spiked club of freezing (weapon)
Missiles
 f - 39 tomahawks of returning (quivered)
Armour
 p - a +0 steam dragon armour (worn)
 L - a +2 cloak (worn)
 V - the +2 hat of the Skies Above (worn) {Int+4}
   (You found it on level 7 of the Dungeon)

   It affects your intelligence (+4).
Jewellery
 a - an uncursed ring of protection from fire
 i - a ring of protection from cold (right hand)
 o - the macabre finger necklace {rN+}
   (You found it on level 4 of the Lair of Beasts)

   [amulet of nothing]

   It protects you from negative energy.
 s - an uncursed ring of positive energy
 x - a +4 amulet of reflection (around neck)
 A - an uncursed ring of see invisible
 P - a +5 ring of strength (left hand)
Wands
 g - a wand of flame (22/48)
 D - a wand of polymorph (5/24)
 H - a wand of digging (15/24)
 N - a wand of disintegration (21/24)
 S - a wand of paralysis (19/24)
Scrolls
 j - a scroll of blinking
 m - 3 scrolls of identify
 u - 10 scrolls of remove curse
 M - 4 scrolls of teleportation
 U - a scroll of fog
 X - a scroll of enchant armour
 Y - a scroll of silence
Potions
 d - 9 potions of curing
 e - a potion of ambrosia
 h - 3 potions of heal wounds
 k - a potion of brilliance
 l - a potion of flight
 n - a potion of cancellation
 r - 2 potions of cure mutation
 G - 2 potions of might
Books
 E - a book of Battle

   Spells                             Type                      Level
   a - Infusion                       Charms                       1
   b - Shroud of Golubria             Charms/Translocation         2
   c - Song of Slaying                Charms                       2
   d - Spectral Weapon                Hexes/Charms                 3
   e - Regeneration                   Charms/Necromancy            3
   Trog disapproves of the use of such an item.
 O - a book of Envenomations

   Spells                             Type                      Level
   a - Spider Form                    Transmutation/Poison         3
   b - Olgreb's Toxic Radiance        Poison                       4
   c - Alistair's Intoxication        Transmutation/Poison         5
   d - Poisonous Cloud                Conjuration/Poison/Air       6
   Trog disapproves of the use of such an item.
Miscellaneous
 v - a fan of gales
 J - a phial of floods
Comestibles
 b - 2 chunks of flesh
 c - 13 bread rations
 C - a beef jerky
 T - 20 fruits
 Z - 6 slices of pizza


   Skills:
 + Level 15.2 Fighting
 * Level 19.9 Maces & Flails
 + Level 8.3 Dodging
 + Level 6.0 Evocations


You had 12 spell levels left.
You didn't know any spells.

Dungeon Overview and Level Annotations

Branches:
Dungeon (11/15)            Temple (0/1) D:4            Lair (5/8) D:9
 Spider (0/4) Lair:3          Orc (0/2) D:11
  Swamp: Lair:3-6    Shoals: Lair:3-6

Altars:
Ashenzari
Kikubaaqudgha
Makhleb
Okawaru
Pakellas
Trog
Vehumet
Yredelemnul
Zin

Shops:
D:4 [   D:8 ?

Annotations:
D:4 exclusion: downstairs
Lair:1 exclusion: downstairs


Innate Abilities, Weirdness & Mutations

You are too large for most types of armour.
You have tough skin (AC +1).
You are partially covered in thin metallic scales (AC +2).
You are agile. (Dex +2)
You are dopey. (Int -2)
You are resistant to hostile enchantments.
You passively map a small area around you.


Message History

The water moccasin barely misses you.
You feel sick.
You feel a strong urge to attack something.
You are no longer berserk.
You are exhausted.
You feel yourself slow down.
You are feeling hungry.
You feel sick.
Blink to where?
Press: ? - help, Dir - move target cursor You are very lightly contaminated with residual magic.
As you read the scroll of blinking, it crumbles to dust.
You feel sick.
You feel better. The black mamba barely misses you.
You block the black mamba's attack. The black mamba bites you!
* * * LOW HITPOINT WARNING * * *
You are lethally poisoned!
The black mamba poisons you! The water moccasin bites you.
You die...

, , ............ *
....................
, ........# .........
, *
P........##......., *
.....#...#...PP.## ,
, ........#.......P#
..........#.....####
...........#S†.....##
, #.<...@S#......# *
, ###.#####.S...## ,
, ##.#.####.....#*
,## ,
.P#...##.P..#####
*,#.#P P...........##
#.... ,P..###.......#
####..... , ....#
###....D.###.#......
....*
#........#.)D...#..#
,, ...
##.P.......#Hr.....#


You could see a black mamba and a water moccasin.

Vanquished Creatures
  Fannar (D:10)
  A hydra (Lair:3)
  The ghost of WobbleTop the Transmogrifier, a journeyman OpTm of Qazlal (Lair:1)
  An anaconda (Lair:5)
  Erica (D:8)
  Sonja (Lair:1)
  3 skeletal warriors (D:11)
  Pikel (D:8)
  3 orc knights (Bailey)
  A manticore (D:9)
  A cyclops (D:11)
  6 black mambas
  5 elephants (Lair:3)
  Joseph (D:10)
  6 spiny frogs
  5 komodo dragons
  A polar bear (Lair:3)
  A two-headed ogre (D:9)
  A troll (D:11)
  4 jumping spiders (Lair:3)
  4 blink frogs (Lair:4)
  2 redbacks (Lair:3)
  The ghost of dricus the Magician, an amateur GrWz (D:4)
  A wraith (D:11)
  A hog (D:11)
  27 yaks
  7 hippogriffs
  3 steam dragons
  6 basilisks
  A human (D:11)
  10 water moccasins
  10 porcupines
  Duvessa (D:5)
  2 black bears
  5 ice beasts
  5 orc warriors
  A phantom (D:8)
  3 slaves (D:8)
  A wasp (D:7)
  5 ogres
  12 wolves
  A centaur (D:10)
  3 big kobolds
  6 crocodiles
  12 giant frogs
  A gnoll sergeant (D:5)
  3 scorpions
  Dowan (D:5)
  7 wights
  6 killer bees (D:11)
  4 howler monkeys
  An electric eel (D:10)
  5 crimson imps
  A centaur zombie (D:11)
  3 quasits
  7 orc wizards
  8 orc priests
  A centaur skeleton (D:4)
  6 hounds
  2 giant frog skeletons
  Jessica (D:2)
  Ijyb (D:2)
  12 iguanas
  5 worker ants
  21 sheep
  A hound skeleton (D:8)
  A howler monkey zombie (D:10)
  Robin (D:2)
  A worker ant zombie (D:8)
  10 gnolls
  8 river rats (Lair:2)
  7 adders
  2 shadow imps
  An ooze (D:2)
  An adder zombie (D:5)
  3 worms
  A dart slug (D:2)
  5 giant geckos
  39 orcs
  6 bats
  5 giant cockroaches
  15 goblins
  7 hobgoblins
  11 jackals
  4 quokkas
  A giant gecko zombie (D:5)
  8 giant newts
  31 kobolds
  A quokka skeleton (D:8)
  7 rats
  A fungus (D:9)
  A plant (Lair:4)
450 creatures vanquished.

Vanquished Creatures (collateral kills)
  A skeletal warrior (D:11)
1 creature vanquished.

Vanquished Creatures (others)
  A slave (D:8)
  2 wights (D:10)
  A lightning spire (D:3)
  3 kobolds (Bailey)
  3 bushes (D:3)
  2 fungi (Lair:3)
  A plant (Lair:4)
13 creatures vanquished.

Grand Total: 464 creatures vanquished

Notes
Turn   | Place    | Note
--------------------------------------------------------------
     0 | D:1      | Krovax5 the Ogre Berserker began the quest for the Orb.
     0 | D:1      | Reached XP level 1. HP: 24/24 MP: 1/1
   506 | D:2      | Reached XP level 2. HP: 33/33 MP: 2/2
   750 | D:2      | Noticed Jessica
   788 | D:1      | Reached skill level 5 in Fighting
   788 | D:1      | Reached XP level 3. HP: 19/42 MP: 3/3
  1058 | D:2      | Noticed Ijyb
  1213 | D:2      | Killed Ijyb
  1217 | D:2      | Reached XP level 4. HP: 40/52 MP: 4/4
  1383 | D:2      | Reached ** piety under Trog
  1556 | D:2      | Reached skill level 5 in Maces & Flails
  1617 | D:2      | Killed Jessica
  1743 | D:2      | Found an iron altar of Okawaru.
  1743 | D:2      | Found a bloodstained altar of Trog.
  1968 | D:2      | Noticed Robin
  1979 | D:2      | Killed Robin
  1979 | D:2      | Reached XP level 5. HP: 61/61 MP: 5/5
  2317 | D:3      | Found an oddly glowing altar of Pakellas.
  2318 | D:3      | Noticed a tengu reaver
  2838 | D:3      | Reached *** piety under Trog
  3119 | D:4      | Found Biats's Antique Armour Shop.
  3234 | D:4      | Bought a glowing robe for 21 gold pieces
  3234 | D:4      | Bought a shiny shield for 135 gold pieces
  3243 | D:4      | Noticed dricus's ghost (amateur GrWz)
  3259 | D:4      | Killed dricus's ghost
  3259 | D:4      | Reached skill level 6 in Maces & Flails
  3259 | D:4      | Reached XP level 6. HP: 71/71 MP: 6/6
  3689 | D:4      | Found a staircase to the Ecumenical Temple.
  3701 | D:4      | Reached skill level 7 in Maces & Flails
  4074 | D:4      | Reached XP level 7. HP: 74/80 MP: 7/7
  4182 | D:5      | Entered Level 5 of the Dungeon
  4239 | D:5      | Found an ancient bone altar of Kikubaaqudgha.
  4239 | D:5      | Found a basalt altar of Yredelemnul.
  4763 | D:5      | Noticed Duvessa
  4763 | D:5      | Noticed Dowan
  5048 | D:6      | Reached skill level 8 in Maces & Flails
  5408 | D:6      | Found a shattered altar of Ashenzari.
  5707 | D:6      | Reached skill level 9 in Maces & Flails
  5707 | D:6      | Reached XP level 8. HP: 80/88 MP: 8/8
  5952 | D:6      | Found a glowing silver altar of Zin.
  6721 | D:7      | Reached skill level 10 in Maces & Flails
  6826 | D:7      | Got a transparent hat
  6832 | D:7      | Identified the +2 hat of the Skies Above {Int+4} (You found it on level 7 of the Dungeon)
  7252 | D:7      | Reached skill level 5 in Dodging
  7252 | D:7      | Reached XP level 9. HP: 98/98 MP: 9/9
  7504 | D:8      | Found Pannass's Magic Scroll Boutique.
  7513 | D:8      | Bought a scroll of teleportation for 36 gold pieces
  7513 | D:8      | Bought a scroll of teleportation for 36 gold pieces
  7513 | D:8      | Bought a scroll of enchant armour for 90 gold pieces
  7513 | D:8      | Bought a scroll of silence for 90 gold pieces
  7541 | D:8      | Reached skill level 11 in Maces & Flails
  7590 | D:8      | Reached **** piety under Trog
  7746 | D:8      | Noticed Erica
  7757 | D:8      | Killed Erica
  7757 | D:8      | Reached skill level 10 in Fighting
  7757 | D:8      | Reached skill level 12 in Maces & Flails
  8109 | D:8      | Gained mutation: You are agile. (Dex +2) [potion of mutation]
  8109 | D:8      | Gained mutation: You are dopey. (Int -2) [potion of mutation]
  8109 | D:8      | Gained mutation: You passively map a small area around you. [potion of mutation]
  8216 | D:8      | Noticed Pikel
  8226 | D:8      | Killed Pikel
  8226 | D:8      | Reached skill level 13 in Maces & Flails
  8281 | D:8      | Reached XP level 10. HP: 104/111 MP: 10/10
  8709 | D:9      | Found a staircase to the Lair.
  8835 | D:9      | Reached skill level 14 in Maces & Flails
  8858 | D:9      | Found a burning altar of Makhleb.
  9085 | D:9      | Noticed a manticore
  9092 | D:9      | Killed a manticore
  9484 | D:9      | Reached skill level 15 in Maces & Flails
  9612 | D:9      | You fall through a shaft for 2 floors!
  9799 | D:11     | Noticed a cyclops
  9820 | D:11     | Killed a cyclops
 10006 | D:11     | Reached XP level 11. HP: 70/124 MP: 11/11
 10007 | D:11     | Reached ***** piety under Trog
 10103 | D:11     | Reached skill level 16 in Maces & Flails
 10150 | D:11     | Found a staircase to the Orcish Mines.
 10165 | D:11     | Found a flagged portal.
 10175 | Bailey   | Entered a bailey
 10271 | Bailey   | Gained mutation: You are partially covered in thin metallic scales (AC +2). [potion of beneficial mutation]
 10310 | Bailey   | Gained mutation: You are resistant to hostile enchantments. [potion of beneficial mutation]
 10330 | Bailey   | Noticed an orc knight
 10332 | Bailey   | Noticed an orc knight
 10339 | Bailey   | Noticed an orc knight
 10353 | Bailey   | Killed an orc knight
 10379 | Bailey   | Killed an orc knight
 10392 | Bailey   | Killed an orc knight
 10823 | Bailey   | Got a crystal scythe {freeze}
 10824 | Bailey   | Identified the +11 scythe of the Many Suns {freeze, +Inv MR+} (You took it off a gnoll in a bailey)
 11108 | D:11     | Noticed a skeletal warrior
 11109 | D:11     | Noticed a skeletal warrior
 11116 | D:11     | Killed a skeletal warrior
 11119 | D:11     | Noticed a skeletal warrior
 11121 | D:11     | Killed a skeletal warrior
 11121 | D:11     | Reached skill level 1 in Evocations
 11126 | D:11     | Killed a skeletal warrior
 11126 | D:11     | Reached skill level 17 in Maces & Flails
 11135 | D:11     | Noticed a skeletal warrior
 11228 | D:11     | Killed a skeletal warrior
 11634 | D:10     | Entered Level 10 of the Dungeon
 11637 | D:10     | Noticed Fannar
 11651 | D:10     | Killed Fannar
 11745 | D:10     | Noticed Joseph
 11756 | D:10     | Killed Joseph
 12187 | D:10     | Received a gift from Trog
 12628 | D:5      | Killed Dowan
 12628 | D:5      | Reached XP level 12. HP: 137/137 MP: 13/13
 12629 | D:5      | Killed Duvessa
 12751 | D:5      | Found a radiant altar of Vehumet.
 13336 | Lair:1   | Entered Level 1 of the Lair of Beasts
 13600 | Lair:1   | Noticed WobbleTop's ghost (journeyman OpTm)
 13609 | Lair:1   | Killed WobbleTop's ghost
 13835 | Lair:1   | Noticed Sonja
 13874 | Lair:1   | Killed Sonja
 14432 | Lair:2   | Reached skill level 18 in Maces & Flails
 15718 | Lair:2   | Received a gift from Trog
 16492 | Lair:3   | Noticed a four-headed hydra
 16506 | Lair:3   | Killed a four-headed hydra
 17056 | Lair:3   | Found a hole to the Spider Nest.
 17104 | Lair:3   | Reached XP level 13. HP: 36/148 MP: 16/16
 17529 | Lair:3   | Reached skill level 19 in Maces & Flails
 17865 | Lair:3   | Reached skill level 5 in Evocations
 18868 | Lair:4   | Reached skill level 15 in Fighting
 20662 | Lair:5   | Reached ****** piety under Trog
 20668 | Lair:5   | Received a gift from Trog
 20679 | Lair:5   | HP: 4/150 [black mamba (16)]
 20679 | Lair:5   | Slain by a water moccasin

Skill      XL: |  1  2  3  4  5  6  7  8  9 10 11 12 13 |
---------------+----------------------------------------+-----
Fighting       | 5 6 7 8 9 10 12 13 14 15 | 15.2
Maces & Flails | 5 6 7 9 10 13 15 17 18 19 | 19.9
Dodging        | 3 5 7 8 |  8.3
Evocations     | 2 4 6 |  6.0

Action                   |  1- 3 |  4- 6 |  7- 9 | 10-12 | 13-15 || total
-------------------------+-------+-------+-------+-------+-------++-------
Melee: Mace              |    62 |   152 |       |       |       ||   214
       Whip              |    57 |    56 |    58 |       |       ||   171
       Flail             |       |       |   256 |   332 |       ||   588
       Giant spiked club |       |       |       |   276 |   188 ||   464
       Great mace        |       |       |       |    95 |       ||    95
Invok: Berserk           |       |     5 |     5 |    16 |     1 ||    27
       Trog's Hand       |       |     1 |     1 |     1 |       ||     3
       Brothers in Arms  |       |       |       |     2 |       ||     2
       Burn Spellbooks   |       |       |       |     1 |       ||     1
Evoke: Wand              |       |       |       |     7 |       ||     7
  Use: Scroll            |     4 |     5 |    10 |    11 |     7 ||    37
       Potion            |     1 |       |     5 |    18 |     1 ||    25
 Stab: Distracted        |       |       |       |     1 |       ||     1
       Invisible         |       |       |       |     2 |       ||     2
       Sleeping          |       |       |       |     1 |     1 ||     2
  Eat: Pizza             |     1 |       |       |     1 |       ||     2
       Chunk             |       |    13 |    15 |    25 |     8 ||    61
       Fruit             |       |     1 |     4 |     2 |       ||     7
       Beef jerky        |       |       |     1 |     1 |     3 ||     5
       Meat ration       |       |       |       |     3 |       ||     3
Armor: Animal skin       |    43 |       |       |       |       ||    43
       Robe              |    27 |    65 |   119 |   264 |    18 ||   493
       Steam dragon armo |       |       |       |       |    37 ||    37
Dodge: Dodged            |    94 |   101 |   133 |   385 |   101 ||   814
Block: Other             |       |       |       |   126 |    26 ||   152
       Reflection        |       |       |       |    19 |       ||    19
